 Dungeon Crawl Stone Soup version 0.32-a0-290-g598725c5f2 (webtiles) character file.

Game seed: 15507737261014915361

3 Bravepunisher the Ducker (level 1, -4/11 HPs)
             Began as a Spriggan Monk on Feb 13, 2024.
             Slain by a shadow imp (5 damage)
             ... on level 5 of the Dungeon.
             The game lasted 00:01:52 (358 turns).

Bravepunisher the Ducker (Spriggan Monk)             Turns: 358, Time: 00:01:53

Health: -4/11      AC:  2    Str:  7    XL:     1   Next: 41%
Magic:  2/2        EV: 19    Int: 11    God:
Gold:   12         SH:  0    Dex: 17    Spells: 0/0 levels left

rFire   . . .        a - +0 short sword
rCold   . . .        (no shield)
rNeg    . . .        b - +0 robe
rPois   .            (helmet restricted)
rElec   .            (no cloak)
rCorr   .            (gloves unavailable)
SInv    +            (boots unavailable)
Will    .....        (no amulet)
Stlth   ++           (no ring)
HPRegen 0.21/turn    (no ring)
MPRegen 0.08/turn

%: no passive effects
@: very quick
A: very small, no large weapons, unfitting armour, see invisible, speed 3
a: no special abilities


You were on level 5 of the Dungeon.
You visited 1 branch of the dungeon, and saw 5 of its levels.

You collected 12 gold pieces.

Inventory:

Hand Weapons
 a - a +0 short sword (weapon)
Armour
 b - a +0 robe (worn)
Scrolls
 e - a scroll of vulnerability {unknown}
Potions
 c - a potion of ambrosia
 d - a potion of heal wounds {unknown}
 f - a potion of might {unknown}


   Skills:
 + Level 2.5 Fighting
 - Level 3.2 Short Blades
 * Level 4.2 Dodging


You couldn't memorise any spells.
You didn't know any spells.
Your spell library contained the following spells:

 Spells                   Type           Power      Damage    Failure   Level
 Stone Arrow              Conj/Erth      0%         3d7       71%         3
 Animate Armour           Summ/Erth      0%         N/A       98%         4
 Lehudib's Crystal Spear  Conj/Erth      0%         10d2      100%        8


Dungeon Overview and Level Annotations

Branches:
Dungeon (5/15)
 Temple: D:4-7

Altars:

Annotations:
D:4 Pikel


Innate Abilities, Weirdness & Mutations

You are very small and have problems with some larger weapons.
You are too small for most types of armour.
You have supernaturally acute eyesight. (SInv)
You cover ground extremely quickly. (Speed+++)


Message History

The orc shouts! x4; You hear an angry hiss.
The orc closely misses you.
There is a stone staircase leading up here.
Unknown command.
The orc hits you with a +0 club. The orc hits you with a +0 mace.
Ouch! That really hurt!
An iguana comes into view.
The orc completely misses you. The orc attacks as it pursues you!
The orc hits you with a +0 club.
* * * LOW HITPOINT WARNING * * *
The orc barely misses you.
An orc comes into view. It is wielding a +0 club.
The orc misses you.
You open the door.
A shadow imp comes into view.
The shadow imp shouts!
The iguana attacks as it pursues you! The iguana misses you.
There is an open door here.
The shadow imp hits you.
* * * LOW HITPOINT WARNING * * *
The shadow imp attacks as it pursues you!
The shadow imp misses you. The orc misses you.
The orc attacks as it pursues you! The orc completely misses you.
The orc closely misses you.
Found 9 gold pieces.
You open the door.
Found a dagger.
There is an open door here.
The orc attacks as it pursues you! The orc barely misses you.
You see here 9 gold pieces.
The orc misses you. The iguana bites you.
* * * LOW HITPOINT WARNING * * *
The shadow imp hits you.
* * * LOW HITPOINT WARNING * * *
The iguana completely misses you.
The shadow imp attacks as it pursues you!
The shadow imp hits you.
You die...

........#...#
........#...#.....
##....###..##.....
#....###..#.....#
+...o.....#.....#
#.........#.....#
#......o..#.....#
#.........#.....#
#..####...#....@#######
#.. ###...#####.5o.o..#
....
+......'....l.o...# ...
#......#....#oo.$.#
#......#....#.....#
#...####...##.....#
#########...####'###
#...........#.....#
#...........#.....#


You could see an iguana, a shadow imp and 5 orcs.

Vanquished Creatures
  A goblin (D:3)
  A kobold (D:3)
2 creatures vanquished.

Notes
Turn   | Place    | Note
-------+----------+-------------------------------------------
     0 | D:1      | Bravepunisher the Spriggan Monk began the quest for the
                  | Orb.
     0 | D:1      | Reached XP level 1. HP: 11/11 MP: 2/2
   164 | D:4      | Noticed a lemure
   164 | D:4      | Noticed a lemure
   171 | D:4      | Noticed a bombardier beetle
   171 | D:4      | Noticed Pikel
   205 | D:5      | Entered Level 5 of the Dungeon
   276 | D:5      | Noticed a two-headed ogre
   314 | D:5      | Noticed an iguana
   358 | D:5      | Slain by a shadow imp

Illustrated notes

Levels and vault maps discovered:
D:1:      saegor_arrival_simple_d, layout_rooms,
          dreamdust_ecumenical_altar_statues
D:2:      layout_basic, serial_rivers, chequers_serial_rivers_small_a,
          chequers_serial_rivers_room_b, chequers_serial_rivers_marsh,
          chequers_serial_rivers_micro_d, chequers_serial_rivers_small_b
D:3:      layout_loops_corners, gammafunk_temple_overflow_pools
D:4:      layout_loops_ring, minivault_23, uniq_pikel, uniq_menkaure
D:5:      layout_gridville, nicolae_sif_muna_condensation, temple_pool_b

Action                     || total
---------------------------++-------
  Melee: Short sword       ||     5
 Armour: Robe              ||     8
  Dodge: Dodged            ||    15

Table legend: (Time is in decaauts)
 A = Elapsed time spent in this place.
 B = Non-inter-level travel time spent in this place.
 C = Inter-level travel time spent in this place.
 D = Time resting spent in this place.
 E = Time spent auto-exploring this place.
 F = Levels seen in this place.
 G = Mean time per level.
                   A        B        C        D        E       F      G
               +--------+--------+--------+--------+--------+-----+--------+
         Total |    230 |    230 |      0 |      0 |     71 |   5 |   46.0 |
       Dungeon |    230 |    230 |      0 |      0 |     71 |   5 |   46.0 |
               +--------+--------+--------+--------+--------+-----+--------+

Top non-repeatable levels by time:
     D:5: 88 daAuts
     D:3: 54 daAuts
     D:4: 41 daAuts
     D:2: 35 daAuts
     D:1: 9 daAuts
